 Dungeon Crawl Stone Soup version 0.31-a0-1338-gb567cfdca4 (webtiles) character file.

Game seed: 46573729021812170

2498 mdonais the Fighter (level 9, -10/106 HPs)
             Began as an Oni Warper on Dec 22, 2023.
             Was a Follower of Okawaru.
             Mangled by a wyvern (11 damage)
             ... on level 7 of the Dungeon on Dec 23, 2023.
             The game lasted 00:28:57 (5695 turns).

mdonais the Fighter (Oni Warper)                    Turns: 5695, Time: 00:28:58

Health: -10/106    AC:  7    Str: 17    XL:     9   Next: 52%
Magic:  8/13       EV: 11    Int: 19    God:    Okawaru [*.....]
Gold:   260        SH:  0    Dex: 12    Spells: 2/14 levels left

rFire   . . .        y - +5 war axe of Wu Jian's Condemnation {heavy, rPois Int+5}
rCold   + . .        (no shield)
rNeg    . . .        d - +0 robe
rPois   +            (helmet restricted)
rElec   .            (no cloak)
rCorr   .            (gloves unavailable)
SInv    .            (boots unavailable)
Will    .....        (no amulet)
Stlth   +            m - +4 ring of protection
HPRegen 0.37/turn    c - ring of protection from cold
MPRegen 0.13/turn

%: no passive effects
@: no status effects
A: drunken brawling, large, unfitting armour, horns 1, tough skin 1, double
potion healing
a: Renounce Religion, Heroism


You were on level 7 of the Dungeon.
You worshipped Okawaru.
Okawaru was aware of your devotion.
You visited 2 branches of the dungeon, and saw 8 of its levels.

You collected 260 gold pieces.

Inventory:

Hand Weapons
 a - a +0 flail of protection
   (You found it on level 4 of the Dungeon)
 b - a +0 sling
   (You took it off a goblin on level 2 of the Dungeon)
 x - a +0 mace
 y - the +5 war axe of Wu Jian's Condemnation (weapon) {heavy, rPois Int+5}
   (You found it on level 4 of the Dungeon)

   Int+5:     It affects your intelligence (+5).
   rPois:     It protects you from poison
 z - a +3 dagger of protection
   (You took it off Dowan on level 5 of the Dungeon)
 A - a +2 scythe of venom
   (You took it off Sigmund on level 5 of the Dungeon)
Missiles
 t - 23 poisoned darts (quivered)
 v - 2 javelins
 K - 7 darts of dispersal
Armour
 d - a +0 robe (worn)
Magical Staves
 f - a staff of fire
   (You found it on level 1 of the Dungeon)
 q - a staff of fire
   (You found it on level 3 of the Dungeon)
Jewellery
 c - a ring of protection from cold (right hand)
   (You found it on level 6 of the Dungeon)
 m - a +4 ring of protection (left hand)
   (You found it on level 3 of the Dungeon)
 C - a ring of fire
   (You found it on level 1 of the Dungeon)
 D - a ring of ice
   (You found it on level 6 of the Dungeon)
Wands
 w - a wand of mindburst (4)
   (You took it off Ijyb on level 4 of the Dungeon)
 I - a wand of iceblast (12)
   (You found it on level 4 of the Dungeon)
 P - a wand of paralysis (9)
   (You found it on level 5 of the Dungeon)
 V - a wand of flame (18)
   (You took it off a kobold brigand on level 5 of the Dungeon)
Scrolls
 e - 2 scrolls of fear
 g - a scroll of brand weapon
 i - 2 scrolls of fog {unknown}
 p - a scroll of poison {unknown}
 u - 4 scrolls of identify {unknown}
 B - 3 scrolls of blinking
 F - 3 scrolls of enchant armour {unknown}
 T - 3 scrolls of teleportation
Potions
 h - 3 potions of heal wounds {unknown}
 j - a potion of berserk rage {unknown}
 k - 2 potions of ambrosia
 l - 2 potions of haste {unknown}
 n - 2 potions of cancellation {unknown}
 o - a potion of enlightenment {unknown}
 r - 2 potions of might {unknown}
 s - 7 potions of degeneration
 E - a potion of curing {unknown}


   Skills:
 + Level 11.8 Fighting
 - Level 2.4(4.0) Axes
 - Level 4.8(5.1) Maces & Flails
 - Level 3.5 Throwing
 - Level 5.0 Dodging
 - Level 3.0 Spellcasting
 - Level 3.0 Translocations
 - Level 3.0 Invocations
 - Level 1.0 Evocations


You had 2 spell levels left.
You knew the following spells:

 Your Spells              Type           Power      Damage    Failure   Level
a - Blink                 Tloc           28%        N/A       7%          2
b - Teleport Other        Tloc           14%        N/A       13%         3
c - Gell's Gravitas       Tloc           14%        N/A       13%         3
d - Manifold Assault      Tloc           14%        N/A       41%         4

Your spell library contained the following spells:

 Spells                   Type           Power      Damage    Failure   Level
 Lesser Beckoning         Tloc           28%        N/A       7%          2
 Jinxbite                 Hex            4%         N/A       22%         2
 Hailstorm                Conj/Ice       2%         3d5       41%         3
 Ozocubu's Armour         Ice            2%         N/A       41%         3
 Vhi's Electric Charge    Tloc/Air       16%        N/A       63%         4
 Metabolic Englaciation   Hex/Ice        1%         N/A       99%         5
 Yara's Violent Unravell  Hex/Alch       1%         3d3       99%         5
 Enfeeble                 Hex            1%         N/A       100%        7
 Summon Ice Beast         Ice/Summ       Unusable   N/A       N/A         4
 Simulacrum               Ice/Necr       Unusable   N/A       N/A         6

Dungeon Overview and Level Annotations

Branches:
Dungeon (7/15) Zot: 26621  Temple (1/1) D:5 Zot: 5927

Altars:
Cheibriados
Dithmenos
Elyvilon
Gozag
Hepliaklqana
Makhleb
Okawaru
Qazlal
Ru
Sif Muna
Trog
Vehumet
Xom
Yredelemnul
The Shining One

Annotations:
D:2 1 runed translucent door, Crazy Yiuf


Innate Abilities, Weirdness & Mutations

Whenever you drink a potion that restores your health or magic, you attack all enemies around you.
You are too large for most types of armour.
You have a pair of small horns on your head.
You have tough skin. (AC +1)
Whenever you drink a potion that restores your health or magic, it restores twice as much.


Message History

a +0 hand axe; a +0 leather armour
Found a stone staircase leading down.
t - 21 poisoned darts (gained 2);
F - 3 scrolls labelled ENIGAH MAIGHEU You regained 2 hp, and now have 95/105 hp.
t - 24 poisoned darts (gained 3)
An electric eel comes into view.
You see here a book of Misfortune.
Health restored: 105 An electric eel is nearby!
Welcome back, mdonais the Oni Warper.
Okawaru says: Bring me glory in combat!
Press ? for a list of commands and other information.
You pick up a book of Misfortune and begin reading...
You add the spells Jinxbite, Yara's Violent Unravelling and Enfeeble to your library.
Welcome back, mdonais the Oni Warper.
Okawaru says: Bring me glory in combat!
Press ? for a list of commands and other information.
No target in view!
An electric eel is nearby!
Cast which spell? (? or * to list)
You blink.
You now have 11/13 mp.
Casting: Blink (safe; 7% risk of failure)
Confirm with . or Enter, or press ? or * to list all spells.
Aiming: Gell's Gravitas (dangerous; 13% risk of failure)
Press: ? - help, Dir - move target You miscast Gell's Gravitas.
You are very lightly contaminated with residual magic.
Nothing appears to happen.
You now have 8/13 mp.
A bullfrog comes into view.
You feel ready to blink again.
A howler monkey comes into view.
The howler monkey splashes around in the water.
The electric eel shoots out a bolt of lightning at you!
The bolt of electricity hits you! x2
You take 23 damage, and have 82/105 hp.
MASSIVE DAMAGE!!
Casting: Gell's Gravitas (dangerous; 13% risk of failure)
Confirm with . or Enter, or press ? or * to list all spells.
Aiming: Gell's Gravitas (dangerous; 13% risk of failure)
Press: ? - help, Dir - move target, f - electric eel
Aim: an electric eel Gravity reorients around the electric eel.
An electric eel comes into view.
The electric eel shoots out a bolt of lightning at you!
The bolt of electricity hits you! x2
Your magical contamination has completely faded away.
You take 19 damage, and have 63/105 hp.
You now have 6/13 mp.
A sky beast comes into view.
The sky beast flickers out of sight!
Deactivating autopickup; reactivate with Ctrl-A.
The bullfrog gives a loud, deep croak!
Casting: Gell's Gravitas (dangerous; 13% risk of failure)
Confirm with . or Enter, or press ? or * to list all spells.
Aiming: Gell's Gravitas (dangerous; 13% risk of failure)
Press: ? - help, Dir - move target
Okay, then.
Unknown command.
Throw: 24 darts (poison)
Press: ? - help, Q - select action, (/) - cycle Shift-Dir - straight line, f - bullfrog
Aim: a bullfrog (55% to hit)
You throw a poisoned dart. The poisoned dart misses the bullfrog.
You slice the bullfrog!!
The bullfrog is almost dead.
The bullfrog hits you.
The bullfrog hits you but does no damage.
The bullfrog closely misses you.
You take 5 damage, and have 62/105 hp.
You slash the bullfrog!
You kill the bullfrog!
Okawaru accepts your kill.
You barely miss something. Something hits you but does no damage.
Something hits you. Something shocks you.
You take 9 damage, and have 53/105 hp.
You barely miss something. Your headbutt misses something. You punch something.
A sky beast appears from thin air!
Reactivating autopickup.
The sky beast hits you but does no damage.
You slash the sky beast!
The sky beast is heavily wounded.
The sky beast flickers out of sight!
Deactivating autopickup; reactivate with Ctrl-A.
Something barely misses you. Something hits you. Something shocks you.
You take 7 damage, and have 47/105 hp.
You miss something. Your headbutt misses something.
Something hits you but does no damage. x2
You barely miss something. Your headbutt misses something.
Something hits you but does no damage. x2
You completely miss something.
Something hits you but does no damage. x2
You closely miss something. Something hits you but does no damage.
Something hits you. Something shocks you.
You take 7 damage, and have 42/105 hp.
You slash something! Your headbutt misses something.
A sky beast appears from thin air!
Reactivating autopickup.
The sky beast barely misses you. x2
You closely miss the sky beast. Your headbutt misses the sky beast.
The sky beast is almost dead.
The sky beast flickers out of sight!
Deactivating autopickup; reactivate with Ctrl-A.
Something hits you but does no damage. x2
You miss something. You headbutt something. Something hits you.
Something shocks you. Something hits you but does no damage.
You take 8 damage, and have 36/105 hp.
You barely miss something. Something hits you but does no damage.
Something hits you. Something shocks you.
* * * LOW HITPOINT WARNING * * *
You take 10 damage, and have 26/105 hp.
You slash something! Okawaru accepts your kill.
Reactivating autopickup.
You feel a bit more experienced.
Training target 5.0 for Dodging reached!
Your Dodging skill increases to level 5!
You enter the shallow water.
You start resting.
Magic restored.
MP restored: 13 You start resting.
A wyvern comes into view.
Casting: Gell's Gravitas (dangerous; 13% risk of failure)
Confirm with . or Enter, or press ? or * to list all spells.
Aiming: Gell's Gravitas (dangerous; 13% risk of failure)
Press: ? - help, Dir - move target Gravity reorients around empty space.
You now have 10/13 mp.
Casting: Gell's Gravitas (dangerous; 13% risk of failure)
Confirm with . or Enter, or press ? or * to list all spells.
Aiming: Gell's Gravitas (dangerous; 13% risk of failure)
Press: ? - help, Dir - move target Gravity reorients around empty space.
You now have 7/13 mp.
You hit the wyvern.
The wyvern is lightly wounded.
The wyvern bites you. The wyvern misses you. The wyvern bites you.
* * * LOW HITPOINT WARNING * * *
You take 5 damage, and have 30/106 hp.
You completely miss the wyvern.
The wyvern is lightly wounded.
The wyvern bites you!
* * * LOW HITPOINT WARNING * * *
The wyvern completely misses you.
You take 13 damage, and have 17/106 hp.
You closely miss the wyvern.
The wyvern is lightly wounded.
The wyvern bites you but does no damage.
The wyvern bites you!
* * * LOW HITPOINT WARNING * * *
The wyvern bites you!
You die...

#..####(...k......# #<#
#..# ###.#######.# #.#
...# #.# #.# #.# ...# #.#
#.# #.# #..# #.# ##.# #.#
#..# #.# #..# #.##
#..######.######.## #..#
#...............k# ##.#
##.##.#.#...###)@# #.#
##.##.#.###.# #..# #.#
##.##.#.# #.# #..# #.#
....).#.# #.# #..# #.#
####..#.# #.# #..# #.# #
#..#.# #.# #..######.#
####..#.###.###.........#
...............>.########
..#####.....######


You could see a wyvern.

Vanquished Creatures
  Grinder (D:3)
  Sigmund (D:5)
  Eustachio (D:5)
  Menkaure (D:4)
  A water moccasin (D:6)
  An ice beast (D:6)
  Duvessa (D:5)
  2 sky beasts
  2 black bears
  A phantom (D:6)
  2 kobold brigands
  Blork the orc (D:5)
  A bullfrog (D:7)
  2 scorpions
  Dowan (D:5)
  4 jellies
  7 hounds
  Ijyb (D:4)
  A sleepcap (D:5)
  4 iguanas
  An orc wizard (D:2)
  7 adders
  5 bombardier beetles
  A white imp (D:5)
  2 ufetubi (D:6)
  A worm (D:3)
  2 dart slugs (D:3)
  15 orcs
  8 ball pythons
  12 endoplasms
  4 giant cockroaches
  7 goblins
  9 hobgoblins
  2 jackals (D:1)
  6 quokkas
  2 bats (D:2)
  3 frilled lizards
  7 kobolds
  6 rats
136 creatures vanquished.

Notes
Turn   | Place    | Note
-------+----------+-------------------------------------------
     0 | D:1      | mdonais the Oni Warper began the quest for the Orb.
     0 | D:1      | Reached XP level 1. HP: 22/22 MP: 3/3
    73 | D:1      | Reached skill level 3 in Fighting
    73 | D:1      | Reached XP level 2. HP: 26/31 MP: 5/5
   436 | D:1      | Reached XP level 3. HP: 37/37 MP: 6/6
  1277 | D:2      | Found a runed translucent door.
  1278 | D:2      | Noticed Crazy Yiuf
  1416 | D:2      | Reached skill level 4 in Fighting
  1416 | D:2      | Reached XP level 4. HP: 27/48 MP: 7/7
  1506 | D:2      | Found the +1 Delatra's gloves {ID++}
  1821 | D:3      | Learned a level 2 spell: Blink
  1825 | D:3      | Learned a level 3 spell: Teleport Other
  2260 | D:3      | Noticed Grinder
  2269 | D:3      | Killed Grinder
  2270 | D:3      | Reached skill level 5 in Fighting
  2270 | D:3      | Reached XP level 5. HP: 29/57 MP: 8/8
  2270 | D:3      | Reached XP level 6. HP: 33/66 MP: 9/9
  2405 | D:3      | Learned a level 3 spell: Gell's Gravitas
  2880 | D:4      | Reached skill level 6 in Fighting
  3006 | D:4      | Noticed Ijyb
  3016 | D:4      | Killed Ijyb
  3017 | D:4      | Reached XP level 7. HP: 62/75 MP: 10/10
  3259 | D:4      | Identified the +5 war axe of Wu Jian's Condemnation {heavy,
                  | rPois Int+5}
  3290 | D:4      | Noticed Menkaure
  3292 | D:4      | Killed Menkaure
  3293 | D:4      | Reached skill level 7 in Fighting
  3449 | D:4      | Found a basalt altar of Yredelemnul.
  3486 | D:5      | Entered Level 5 of the Dungeon
  3492 | D:5      | Noticed Dowan
  3567 | D:5      | Reached skill level 8 in Fighting
  3567 | D:5      | Reached skill level 1 in Axes
  3694 | D:5      | Noticed Duvessa
  3702 | D:5      | Killed Dowan
  3703 | D:5      | Reached XP level 8. HP: 89/89 MP: 11/11
  3703 | D:5      | Killed Duvessa
  3706 | D:5      | Reached skill level 9 in Fighting
  3743 | D:5      | Noticed Eustachio
  3762 | D:5      | Killed Eustachio
  3873 | D:5      | Reached skill level 10 in Fighting
  4136 | D:5      | Noticed Sigmund
  4173 | D:5      | Noticed Blork the orc
  4180 | D:5      | Killed Blork the orc
  4181 | D:5      | Reached skill level 1 in Evocations
  4241 | D:5      | Found a staircase to the Ecumenical Temple.
  4247 | Temple   | Entered the Ecumenical Temple
  4294 | Temple   | Became a worshipper of Warmaster Okawaru
  4413 | D:5      | Killed Sigmund
  4414 | D:5      | Reached skill level 1 in Invocations
  4625 | D:6      | Reached XP level 9. HP: 90/102 MP: 13/13
  4991 | D:6      | Reached skill level 11 in Fighting
  4996 | D:6      | Learned a level 4 spell: Manifold Assault
  5025 | D:6      | Found a sacrificial altar of Ru.
  5032 | D:6      | Reached * piety under Okawaru
  5041 | D:6      | Found a radiant altar of Vehumet.
  5671 | D:7      | Reached skill level 5 in Dodging
  5695 | D:7      | HP: 1/106 [wyvern (17)]
  5695 | D:7      | Mangled by a wyvern

Illustrated notes

Levels and vault maps discovered:
D:1:      roderic_crop_circles_arrival_large, layout_rooms,
          kennysheep_small_spiral
D:2:      layout_loops_ring, pf_guarded_unrand_delatra, uniq_crazy_yiuf_cottage
D:3:      layout_basic, serial_curves, eino_curves_03, eino_curves_02,
          dk_noncrumbling_2, uniq_grinder
D:4:      layout_gridville, lemuel_coloured_pillars_altar, uniq_menkaure,
          uniq_ijyb
D:5:      layout_cave_pools, minmay_temple_entry_enclosed_plants,
          blue_anna_alchemist, chequers_arboretum, uniq_sigmund,
          uniq_blork_the_orc, uniq_eustachio, uniq_duvessa
D:6:      layout_loops_cross, grunt_temple_overflow_open
D:7:      layout_loops_ring, chequers_big_river
Temple:   nicolae_temple_godzebo

Skill      XL: |  1  2  3  4  5  6  7  8  9 |
---------------+----------------------------+-----
Fighting       | 3 4 5 6 8 10 11 | 11.8
Throwing       | 2 3 |  3.5
Maces & Flails | 4 |  4.8
Axes           | 2 |  2.4
Translocations | 3 |  3.0
Evocations     | 1 |  1.0
Spellcasting   | 3 |  3.0
Dodging        | 3 5 |  5.0
Invocations    | 2 3 |  3.0

Action                     |  1- 3 |  4- 6 |  7- 9 || total
---------------------------+-------+-------+-------++-------
  Melee: Mace              |   105 |   112 |    12 ||   229
         Headbutt          |    15 |    25 |    18 ||    58
         Punch             |     1 |       |     3 ||     4
         War axe           |       |       |   132 ||   132
         Flail             |       |       |     5 ||     5
  Throw: Javelin           |       |     4 |    17 ||    21
         Dart              |       |       |    22 ||    22
   Cast: Gell's Gravitas   |       |       |     3 ||     3
         Blink             |       |       |     1 ||     1
  Evoke: Wand              |       |       |    12 ||    12
    Use: Scroll            |       |     1 |     2 ||     3
   Stab: Sleeping          |     2 |     1 |       ||     3
 Armour: Robe              |    60 |    69 |   170 ||   299
  Dodge: Dodged            |    57 |    59 |    98 ||   214

Table legend: (Time is in decaauts)
 A = Elapsed time spent in this place.
 B = Non-inter-level travel time spent in this place.
 C = Inter-level travel time spent in this place.
 D = Time resting spent in this place.
 E = Time spent auto-exploring this place.
 F = Levels seen in this place.
 G = Mean time per level.
                   A        B        C        D        E       F      G
               +--------+--------+--------+--------+--------+-----+--------+
         Total |   5877 |   5551 |    326 |     19 |   4024 |   8 |  734.6 |
       Dungeon |   5804 |   5503 |    301 |     19 |   4024 |   7 |  829.1 |
        Temple |     72 |     47 |     25 |      0 |      0 |   1 |   72.0 |
               +--------+--------+--------+--------+--------+-----+--------+

Top non-repeatable levels by time:
     D:2: 1160 daAuts
     D:3: 1023 daAuts
     D:5: 1002 daAuts
     D:6: 836 daAuts
     D:4: 788 daAuts
     D:1: 616 daAuts
     D:7: 376 daAuts
  Temple: 72 daAuts
